 Dungeon Sprint DCSS version 0.21.1-1-g345015f (webtiles) character file.

3700000 Fang the Axe Maniac (level 22, -96/233 HPs)
             Began as a Minotaur Gladiator on May 5, 2018.
             Was the Champion of Makhleb.
             Annihilated by a destroyer
             ... wielding a +9 great sword of slicing
              (191 damage)
             ... in the Dungeon (Sprint VIII: "Arena of Blood").
             The game lasted 00:00:37 (37 turns).

Fang the Axe Maniac (Minotaur Gladiator)              Turns: 37, Time: 00:00:37

Health: -96/233    AC:  6    Str: 27    XL:     22   Next: 14%
Magic:  19/52      EV: 31    Int:  5    God:    Makhleb [******]
Gold:   0          SH:  0    Dex: 14    Spells: 75/75 levels left

rFire    . . .     SeeInvis .   l - +∞ Axe of Woe
rCold    . . .     Gourm    .   (shield currently unavailable)
rNeg     . . .     Faith    .   b - +0 leather armour
rPois    .         Spirit   .   c - +0 hat
rElec    .         Reflect  .   (no cloak)
rCorr    .         Harm     .   (no gloves)
MR       +....     NoTele   +   (no boots)
Stlth    +++++++++.             (no amulet)
HPRegen  0.48/turn              (no ring)
MPRegen  0.33/turn              (no ring)

@: no status effects
A: retaliatory headbutt, horns 2
a: Minor Destruction, Lesser Servant of Makhleb, Major Destruction, Greater
Servant of Makhleb, Renounce Religion


You were in the Dungeon.
You worshipped Makhleb.
Makhleb was exalted by your worship.
You were not hungry.

You visited 1 branch

Inventory:

Hand Weapons
 a - a +0 war axe
 l - the +∞ Axe of Woe (weapon)
   (You found it in the Dungeon)
Missiles
 d - 3 throwing nets (quivered)
Armour
 b - a +0 leather armour (worn)
 c - a +0 hat (worn)
Scrolls
 k - a scroll of blinking
Potions
 e - a potion of curing
 g - a potion of heal wounds
 h - a potion of haste
 i - 2 potions of magic
 j - a potion of berserk rage
Comestibles
 f - a ration


   Skills:
 O Level 27 Fighting
 O Level 27 Axes
 O Level 27 Throwing
 O Level 27 Armour
 O Level 27 Dodging
 O Level 27 Stealth
 O Level 27 Unarmed Combat
 O Level 27 Spellcasting
 O Level 27 Invocations


You had 75 spell levels left.
You didn't know any spells.

Dungeon Overview and Level Annotations

Branches:
Dungeon (1/1)

Altars:
Makhleb


Innate Abilities, Weirdness & Mutations

You reflexively headbutt those who attack you in melee.
You have a pair of horns on your head.


Message History

You are engulfed in blazing flames.
You hear a shout!
The destroyer blinks!
You hear a shout! x2
A bag of meat comes into view. It is wielding a +9 war axe.
An ogre and a two-headed ogre come into view.
The large bag of meat shouts in stereo!
You hear a shout! x3
The meat berserker rages.
You hear a shout! x2
The large bag of meat is engulfed in blazing flames.
The destroyer hits you with a +9 great sword of slicing!!!!
The destroyer bites you!
The destroyer draws strength from your injuries!
You hear a shout!
The destroyer blinks!
The meat berserker hits you with a +9 battleaxe!!
You hear a shout!
The destroyer hits you with a +9 great sword of slicing!!!!!
Ouch! That really hurt!
You die...

#... ..# #... #...
..# ...O###...
..###.
O........###......
.#oO....O._......
....o..#..o..#
....o.o#_)oo_#
......O#V)o).#..
.#.....@.)_)......
.O§...V§§###......
.o..###§)VV...###.
... #O§O.§..# .
#§O.o...#
Vo....o..%
%......§.%.
...........
...........#


You could see 5 destroyers, 4 large bags of meat, 5 meat berserkers and 12 bags
of meat.

Vanquished Creatures
  A vampire knight (D)
  8 ogres (D)
  2 two-headed ogres (D)
  16 orcs (D)
27 creatures vanquished.

Notes
Turn   | Place    | Note
-------+----------+-------------------------------------------
     0 | D        | Found the +∞ Axe of Woe
     0 | D        | Fang the Minotaur Gladiator began the quest for the Orb.
     0 | D        | Reached XP level 1. HP: 18/18 MP: 0/0
     4 | D        | Became a worshipper of Makhleb the Destroyer
     6 | D        | Noticed a bag of meat
     7 | D        | Noticed a bag of meat
     7 | D        | Noticed a bag of meat
     8 | D        | Noticed a meat berserker
     8 | D        | Noticed a meat berserker
     8 | D        | Noticed a bag of meat
     9 | D        | Noticed a bag of meat
     9 | D        | Noticed a meat berserker
     9 | D        | Killed a meat berserker
     9 | D        | Reached XP level 2. HP: 47/47 MP: 1/1
     9 | D        | Reached XP level 3. HP: 53/53 MP: 2/2
     9 | D        | Reached XP level 4. HP: 61/61 MP: 3/3
     9 | D        | Reached XP level 5. HP: 68/68 MP: 4/4
     9 | D        | Reached XP level 6. HP: 75/75 MP: 5/5
     9 | D        | Reached XP level 7. HP: 82/82 MP: 6/6
     9 | D        | Reached XP level 8. HP: 90/90 MP: 7/7
     9 | D        | Reached XP level 9. HP: 96/96 MP: 8/8
     9 | D        | Reached XP level 10. HP: 104/104 MP: 9/9
     9 | D        | Reached XP level 11. HP: 111/111 MP: 10/10
     9 | D        | Reached XP level 12. HP: 118/118 MP: 11/11
     9 | D        | Reached XP level 13. HP: 125/125 MP: 12/12
    10 | D        | Killed a meat berserker
    10 | D        | Reached * piety under Makhleb
    10 | D        | Reached XP level 14. HP: 101/138 MP: 13/13
    10 | D        | Killed a bag of meat
    10 | D        | Reached skill level 27 in Axes
    11 | D        | Noticed a bag of meat
    12 | D        | Killed a meat berserker
    12 | D        | Reached skill level 27 in Dodging
    12 | D        | Reached XP level 15. HP: 163/163 MP: 14/14
    12 | D        | Reached ** piety under Makhleb
    14 | D        | Reached skill level 27 in Fighting
    14 | D        | Reached skill level 10 in Armour
    14 | D        | Reached XP level 16. HP: 183/183 MP: 15/15
    16 | D        | Noticed a meat berserker
    16 | D        | Noticed a meat berserker
    17 | D        | Reached *** piety under Makhleb
    20 | D        | Noticed a meat berserker
    20 | D        | Noticed a large bag of meat
    20 | D        | Noticed a meat berserker
    20 | D        | Killed a meat berserker
    20 | D        | Reached skill level 27 in Throwing
    20 | D        | Reached XP level 17. HP: 191/191 MP: 16/16
    20 | D        | Killed a meat berserker
    20 | D        | Reached skill level 27 in Armour
    22 | D        | Reached **** piety under Makhleb
    22 | D        | Reached skill level 10 in Invocations
    22 | D        | Reached XP level 18. HP: 200/200 MP: 16/27
    23 | D        | Noticed a large bag of meat
    24 | D        | Reached skill level 15 in Unarmed Combat
    24 | D        | Reached skill level 10 in Spellcasting
    24 | D        | Reached skill level 15 in Invocations
    25 | D        | Reached ***** piety under Makhleb
    25 | D        | Reached skill level 15 in Stealth
    25 | D        | Reached XP level 19. HP: 207/207 MP: 16/34
    26 | D        | Noticed a destroyer
    26 | D        | Killed a meat berserker
    27 | D        | Noticed a large bag of meat
    27 | D        | Killed a meat berserker
    27 | D        | Reached skill level 15 in Spellcasting
    28 | D        | Noticed a large bag of meat
    28 | D        | Noticed a large bag of meat
    28 | D        | Killed a large bag of meat
    28 | D        | Reached XP level 20. HP: 191/216 MP: 17/40
    31 | D        | Noticed a destroyer
    31 | D        | Noticed a destroyer
    31 | D        | Noticed a meat berserker
    31 | D        | Noticed a destroyer
    31 | D        | Reached ****** piety under Makhleb
    31 | D        | Reached skill level 27 in Unarmed Combat
    32 | D        | Noticed a meat berserker
    33 | D        | Noticed a destroyer
    33 | D        | Killed a destroyer
    33 | D        | Reached skill level 27 in Invocations
    33 | D        | Reached XP level 21. HP: 224/224 MP: 18/45
    34 | D        | Noticed a destroyer
    35 | D        | Reached skill level 27 in Stealth
    36 | D        | Killed a large bag of meat
    36 | D        | Reached skill level 27 in Spellcasting
    36 | D        | Reached XP level 22. HP: 233/233 MP: 18/52
    37 | D        | Noticed a large bag of meat
    37 | D        | Annihilated by a destroyer

Skill      XL: |  1  2  3  4  5  6  7  8  9 10 11 12 13 14 15 16 17 18 19 20 21 |
---------------+----------------------------------------------------------------+-----
Fighting       | 14 16 23 27 | 27.0
Axes           | 23 26 27 | 27.0
Throwing       | 11 13 17 20 27 | 27.0
Dodging        | 21 24 27 | 27.0
Armour         | 2 7 10 22 27 | 27.0
Stealth        | 9 15 21 25 27 | 27.0
Unarmed Combat | 11 18 24 27 | 27.0
Spellcasting   | 7 12 17 21 27 | 27.0
Invocations    | 10 16 22 27 | 27.0

Action                   |  1- 3 |  4- 6 |  7- 9 | 10-12 | 13-15 | 16-18 | 19-21 | 22-24 || total
-------------------------+-------+-------+-------+-------+-------+-------+-------+-------++-------
Melee: Executioner's axe |     1 |       |       |       |     3 |     6 |    10 |       ||    20
Dodge: Dodged            |       |       |       |       |       |     1 |       |       ||     1
